 Dungeon Crawl Stone Soup version 0.30-a0-54-g2e61a25929 (webtiles) character file.

Game seed: 17937630165144664658

39 IdlyInterested the Trooper (level 3, 0/29 HPs)
             Began as a Formicid Monk on Sept 8, 2022.
             Slain by a hound (5 damage)
             ... on level 2 of the Dungeon.
             The game lasted 00:04:02 (1870 turns).

IdlyInterested the Trooper (Formicid Monk)          Turns: 1870, Time: 00:04:03

Health: 0/29       AC:  6    Str: 15    XL:     3   Next: 67%
Magic:  3/3        EV: 11    Int:  9    God:
Gold:   105        SH:  0    Dex: 18    Spells: 2/2 levels left

rFire   . . .      SeeInvis +    a - +0 hand axe
rCold   . . .      Faith    .    (no shield)
rNeg    . . .      Spirit   .    p - +1 ring mail
rPois   .          Reflect  .    (helmet unavailable)
rElec   .          Harm     .    (no cloak)
rCorr   .          Rampage  .    (no gloves)
Will    .....                    (no boots)
Stlth   ++........               (no amulet)
HPRegen 0.09/turn                (no ring)
MPRegen 0.08/turn                (no ring)

@: no status effects
A: permanent stasis, dig shafts and tunnels, antennae 3, four strong arms
a: Dig, Shaft Self


You were on level 2 of the Dungeon.
You visited 1 branch of the dungeon, and saw 2 of its levels.

You collected 105 gold pieces.

Inventory:

Hand Weapons
 a - a +0 hand axe (weapon)
 h - a +0 flail
Armour
 p - a +1 ring mail (worn)
Magical Staves
 i - a staff of cold
Scrolls
 g - a scroll of enchant armour
Potions
 c - 2 potions of ambrosia
 j - a potion of attraction
 k - 2 potions of heal wounds {unknown}
 l - 2 potions of mutation {unknown}
 m - a potion of magic
 o - a potion of cancellation


   Skills:
 + Level 3.6 Fighting
 + Level 3.3 Axes
 - Level 1.0 Armour
 - Level 2.6 Dodging
 - Level 2.4 Stealth
 * Level 2.3 Shields
 + Level 0.5 Evocations


You had 2 spell levels left.
You didn't know any spells.
Your spell library was empty.

Dungeon Overview and Level Annotations

Branches:
Dungeon (2/15)

Altars:


Innate Abilities, Weirdness & Mutations

You cannot be hasted, slowed, berserked, paralysed or teleported.
You can dig through walls and to a lower floor.
You have a pair of large antennae on your head. (SInv)
Your four strong arms can wield two-handed weapons with a shield.


Message History

You barely miss the giant cockroach. The hound closely misses you.
The giant cockroach barely misses you. The hound bites you.
You hit the hound but do no damage.
The hound is lightly wounded.
You hit the giant cockroach. The hound bites you but does no damage.
The giant cockroach barely misses you.
You barely miss the hound. You hit the giant cockroach.
You kill the giant cockroach!
The hound bites you. x2
You hit the hound.
The hound is lightly wounded.
The hound closely misses you. x2
You hit the hound.
The hound is moderately wounded.
The hound closely misses you.
You hit the hound.
The hound is heavily wounded.
The hound bites you. The hound bites you but does no damage.
You barely miss the hound.
The hound is heavily wounded.
The hound bites you.
You hit the hound but do no damage.
The hound is heavily wounded.
The hound bites you. x2
You closely miss the hound.
The hound is heavily wounded.
The hound bites you but does no damage. The hound barely misses you.
You barely miss the hound.
The hound is heavily wounded.
The hound closely misses you. The hound barely misses you.
You closely miss the hound.
The hound is heavily wounded.
The hound bites you.
* * * LOW HITPOINT WARNING * * *
You miss the hound.
The hound is heavily wounded.
The hound bites you.
* * * LOW HITPOINT WARNING * * *
The hound bites you.
You die...

#.#........##...
#.
..##.......##...
#.
######+##'###...
#.#########.##.#
#...
#.....$........#
####
#...........####
..###.......####
.....(....#.#
####...@..#.#
#..h...#.#
#.(....+.#
#...$..###
#......#
########


You could see a hound.

Vanquished Creatures
  A worm (D:2)
  4 endoplasms
  4 giant cockroaches
  2 goblins (D:1)
  3 hobgoblins
  6 kobolds
  3 quokkas
  A ball python (D:2)
  4 bats
  2 rats (D:1)
30 creatures vanquished.

Notes
Turn   | Place    | Note
-------+----------+-------------------------------------------
     0 | D:1      | IdlyInterested the Formicid Monk began the quest for the
                  | Orb.
     0 | D:1      | Reached XP level 1. HP: 18/18 MP: 1/1
   478 | D:1      | Reached skill level 1 in Shields
   478 | D:1      | Reached XP level 2. HP: 21/24 MP: 2/2
  1149 | D:1      | Found a faded altar of an unknown god.
  1288 | D:2      | Reached XP level 3. HP: 18/29 MP: 3/3
  1311 | D:2      | Reached skill level 1 in Armour
  1870 | D:2      | Slain by a hound

Illustrated notes

Levels and vault maps discovered:
D:1:      scummos_arrival_gate, layout_basic, serial_corexii_hall,
          corexii_hall_statues_l, chequers_hall_statues_y,
          corexii_hall_statues_i, chequers_hall_statues_corner_a,
          dilly_ecumenical_altar_fadedgnrine
D:2:      layout_basic, mrwooster_statue_mirror

Skill      XL: |  1  2  3 |
---------------+----------+-----
Shields        | 1 2 |  2.3
Armour         | 1 |  1.0
Fighting       | |  3.6
Axes           | |  3.3
Dodging        | |  2.6
Stealth        | |  2.4
Evocations     | |  0.5

Action                   || total
-------------------------++-------
Melee: Hand axe          ||   102
  Use: Scroll            ||     7
 Stab: Sleeping          ||     6
Armor: Robe              ||    15
       Ring mail         ||    13
Dodge: Dodged            ||    73

Table legend: (Time is in decaauts)
 A = Elapsed time spent in this place.
 B = Non-inter-level travel time spent in this place.
 C = Inter-level travel time spent in this place.
 D = Time resting spent in this place.
 E = Time spent auto-exploring this place.
 F = Levels seen in this place.
 G = Mean time per level.
                   A        B        C        D        E       F      G
               +--------+--------+--------+--------+--------+-----+--------+
         Total |   1884 |   1762 |    122 |    498 |    809 |   2 |  942.0 |
       Dungeon |   1884 |   1762 |    122 |    498 |    809 |   2 |  942.0 |
               +--------+--------+--------+--------+--------+-----+--------+

Top non-repeatable levels by time:
     D:1: 1475 daAuts
     D:2: 409 daAuts
